 Dungeon Crawl Stone Soup version 0.22.1-1-ga44c0e5 (console) character file.

21 raymoo the Digger (level 2, 0/15 HPs)
             Began as a Gargoyle Earth Elementalist on Oct 8, 2018.
             Slain by a goblin
             ... wielding a +0 club
              (2 damage)
             ... on level 2 of the Dungeon.
             The game lasted 00:02:56 (970 turns).

raymoo the Digger (Gargoyle Earth Elementalist)      Turns: 970, Time: 00:02:57

Health: 0/15       AC:  4    Str: 11    XL:     2   Next: 83%
Magic:  5/5        EV: 12    Int: 15    God:
Gold:   31         SH:  0    Dex: 10    Spells: 5/6 levels left

rFire    . . .     SeeInvis .   e - +0 halberd
rCold    . . .     Gourm    .   (shield currently unavailable)
rNeg     + . .     Faith    .   c - +0 robe
rPois    ∞         Spirit   .   (no helmet)
rElec    +         Reflect  .   (no cloak)
rCorr    .         Harm     .   (no gloves)
MR       .....                  (no boots)
Stlth    ++........             (no amulet)
HPRegen  0.05/turn              (no ring)
MPRegen  0.09/turn              (no ring)

@: no status effects
A: negative energy resistance 1, electricity resistance, unbreathing,
petrification resistance, rot immunity, AC +2
a: no special abilities


You were on level 2 of the Dungeon.
You were not hungry.

You visited 1 branch of the dungeon, and saw 2 of its levels.

You collected 31 gold pieces.

Inventory:

Hand Weapons
 e - a +0 halberd (weapon)
Missiles
 b - 35 stones (quivered)
Armour
 a - a +0 large shield
 c - a +0 robe (worn)
Jewellery
 h - an uncursed ring of positive energy {unknown}
Scrolls
 g - a scroll of magic mapping {unknown}
 i - a scroll of identify {unknown}
 k - a scroll of noise {unknown}
 m - a scroll of teleportation {unknown}
 p - a scroll of remove curse
 q - a scroll of fear {unknown}
Potions
 j - 2 potions of curing {unknown}
 l - a potion of brilliance {unknown}
 n - a potion of heal wounds {unknown}
 o - a potion of degeneration {unknown}
Comestibles
 d - 5 rations
 f - 2 chunks of flesh


   Skills:
 - Level 1.5 Dodging
 - Level 2.1 Stealth
 + Level 2.5 Spellcasting
   Level 0.7 Transmutations
 + Level 4.2 Earth Magic


You had 5 spell levels left.
You knew the following spells:

 Your Spells              Type           Power        Failure   Level  Hunger
a - Sandblast             Erth           ##....       3%          1    #......

Your spell library contained the following spells:

 Spells                   Type           Power        Failure   Level  Hunger
 Passwall                 Tmut/Erth      #.......     12%         2    ###....
 Stone Arrow              Conj/Erth      #.....       26%         3    ###....
 Petrify                  Tmut/Erth      #.......     58%         4    #####..
 Lee's Rapid Deconstruct  Erth           ##........   69%         5    ######.


Dungeon Overview and Level Annotations

Branches:
Dungeon (2/15)

Altars:


Innate Abilities, Weirdness & Mutations

You are resistant to torment.
Your stone body is resilient. (AC +2)
You are immune to poison.
You resist negative energy. (rN+)
You are resistant to electric shocks. (rElec)
You can survive without breathing.
You are immune to petrification.
You are immune to rotting.


Message History

You barely miss the goblin. The goblin barely misses you.
You closely miss the goblin.
The leopard gecko hisses angrily.
The goblin hits you with a club.
A hobgoblin comes into view. It is wielding a club.
You closely miss the goblin. The goblin closely misses you.
The goblin hits you You closely miss the goblin.
The goblin barely misses you.
You miss the goblin. The goblin closely misses you.
The leopard gecko barely You closely miss the goblin.
The hobgoblin shouts!
You hear an angry hiss.
The goblin hits you but does no damage.
The leopard gecko completely misses you.
The goblin hits you with a club.
You barely miss the goblin.
The orc shouts!
The leopard gecko bites you. The goblin barely misses you.
The leopard gecko
* * * LOW HITPOINT WARNING * * *
There is a stone staircase leading up here.
The leopard gecko closely misses you. The goblin hits you with a club.
You die...

.. #.....
..##..[..
..#....# #
......#
..###....#
.........#
.........#
....o.gl@#
..####g##
####g######
#.........#
#.........#
#.........#
#.........#
#............#
................#
..##..#.........#
#............#


You could see an orc, a leopard gecko, 2 hobgoblins and a goblin.

Vanquished Creatures
  A gnoll (D:1)
  4 bats (D:1)
  A giant cockroach (D:1)
  A ball python (D:1)
  A frilled lizard (D:1)
  A goblin (D:1)
  3 rats
12 creatures vanquished.

Notes
Turn   | Place    | Note
-------+----------+-------------------------------------------
     0 | D:1      | raymoo the Gargoyle Earth Elementalist began the quest for
                  | the Orb.
     0 | D:1      | Reached XP level 1. HP: 10/10 MP: 3/3
   262 | D:1      | Reached skill level 4 in Earth Magic
   262 | D:1      | Reached XP level 2. HP: 10/15 MP: 1/5
   970 | D:2      | Slain by a goblin

Skill      XL: |  1 |
---------------+----+-----
Earth Magic    | 4 |  4.2
Dodging        | |  1.5
Stealth        | |  2.1
Spellcasting   | |  2.5
Transmutations | |  0.7

Action                   || total
-------------------------++-------
Melee: Unarmed           ||    10
       Halberd           ||    45
 Cast: Sandblast         ||     8
  Use: Scroll            ||     1
Armor: Robe              ||    25
Dodge: Dodged            ||    56
